[Event "Live Chess"]
[Site "Chess.com"]
[Date "2023.05.20"]
[Round "-"]
[White "Sacbutt"]
[Black "WilliamofOrange16th"]
[Result "0-1"]
[WhiteElo "2194"]
[BlackElo "1895"]
[TimeControl "300"]
[EndTime "10:50:01 PDT"]
[Termination "WilliamofOrange16th won on time"]

1. d4 d5 2. c4 c6 3. Nc3 Nf6 4. Nf3 a6 5. e3 Bf5 6. Be2 e6 7. O-O Bd6 8. h3 O-O 9. Nh4 Bg6 10.
Nxg6 hxg6 11. b3 Nbd7 12. Qc2 Rc8 13. f4 Nh5 14. Rf3 f5 15. Bd2 Qe8 16. c5 Bb8 17. b4 Qe7 18. Be1 g5 19. Rf1 g6 20.
g4 Ng7 21. fxg5 Qxg5 22. Bf2 Nf6 23. Qd1 fxg4 24. Bxg4 Nxg4 25. Qxg4 Qxg4+ 26. hxg4 Rf7 27. Bh4 Rcf8 28. Rxf7 Rxf7 29. Rf1 Bc7 30. e4 e5 31. exd5 exd4 32. Ne4 Rxf1+ 33. Kxf1 cxd5 34. Nf6+ Kf7 35. Nxd5 Ne6 36. Nxc7 Nxc7 37. Ke2 Ke6 38. Kd3 Kd5 39. Bg3 Ne8 40. Bh4 Ng7 41. a3 Ne6 42. Bg3 Nd8 43. Be1 Ne6 44. Bd2 Nd8 45. a4 Ne6 46.
Bc1 Nd8 47. Bd2 Ne6 48. Ke2 Ke4 49. a5 Nc7 50. Kf2 Nd5 51. b5 axb5 52. c6 bxc6 53.
Bb4 Nc7 54. Kg3 Na6 0-1

[Event "Live Chess"]
[Site "Chess.com"]
[Date "2023.05.20"]
[Round "-"]
[White "CocheseUK"]
[Black "ViktorTheCoolBoy"]
[Result "0-1"]
[WhiteElo "1141"]
[BlackElo "2542"]
[TimeControl "300"]
[EndTime "10:50:06 PDT"]
[Termination "ViktorTheCoolBoy won by checkmate"]

1. e4 e5 2. Nf3 Nc6 3. Bb5 a6 4. Ba4 Nf6 5. Nc3 b5 6. Bb3 Bc5 7. O-O O-O 8. d3 d6 9. Bg5 h6 10. Bh4 Be6 11. a4 Rb8 12. axb5 axb5 13. h3 Nd4 14. Nxd4 Bxd4 15. Rb1 Bxb3 16. cxb3 g5 17.
Ne2 gxh4 18. Nxd4 exd4 19. Qd2 Kg7 20. Qf4 Nh5 21. Qg4+ Qg5 22. Rbd1 Qxg4 23. hxg4 Nf4 24. Kh2 Ra8 25. g3 hxg3+ 26. Kxg3 Ne6 27. Rh1 Ra2 28. Rd2 c5 29. f4 Rfa8 30. Kf3 Ra1 31. Rdd1 Rxd1 32.
Rxd1 Ra2 33. Rd2 b4 34. Rh2 Ra1 35. f5 Ng5+ 36. Kg3 Re1 37. Rf2 Re3+ 38. Kh4 Rh3# 0-1

[Event "Live Chess"]
[Site "Chess.com"]
[Date "2023.05.20"]
[Round "-"]
[White "kevinmilleruk"]
[Black "MarkLim1"]
[Result "0-1"]
[WhiteElo "1113"]
[BlackElo "1630"]
[TimeControl "300"]
[EndTime "10:50:08 PDT"]
[Termination "MarkLim1 won by checkmate"]

1. c4 e6 2. d4 d5 3. cxd5 exd5 4. Nc3 c6 5. g3 Bf5 6. Bg2 Bd6 7. Nf3 Nf6 8. Bg5 Nbd7 9. e4 dxe4 10. Nd2 O-O 11.
Ncxe4 Bxe4 12. Nxe4 Bb4+ 13. Nc3 Re8+ 14. Be3 Nd5 15. O-O Nxe3 16. fxe3 Rxe3 17. a3 Bd6 18. Qb3 Qe7 19. Ne4 Rxb3 20. Nxd6 Qxd6 21. Rae1 Rxb2 22. Rf2 Qxd4 23. Rf1 Re8 24. Kh1 Rxf2 25. Rxf2 Qxf2 26. Bxc6 Re1# 0-1

[Event "Live Chess"]
[Site "Chess.com"]
[Date "2023.05.20"]
[Round "-"]
[White "18Ziyad"]
[Black "Prijmak"]
[Result "0-1"]
[WhiteElo "965"]
[BlackElo "1012"]
[TimeControl "300"]
[EndTime "10:50:09 PDT"]
[Termination "Prijmak won by resignation"]

1. e4 e5 2. Nc3 Nc6 3. Bc4 Nf6 4. d3 Bc5 5. f4 d6 6. Nf3 Bg4 7. h3 Be6 8. fxe5 Nxe5 9. Bg5 h6 10. Bxf6 Qxf6 11. Bxe6 Qxe6 12. Nxe5 dxe5 13. Nd5 Rc8 14. b4 Bd6 15. a3 c6 16. Nc3 O-O 17. Qe2 Qg6 18. O-O-O b6 19. d4 exd4 20. Rxd4 Be5 21. Rd3 Rfd8 22. Nd1 Rxd3 23. cxd3 Qf6 24. Rf1 Qe6 25.
Ne3 Qb3 26. Nc2 Qb2+ 27. Kd1 Bc3 28. Qf3 Rf8 29. Ke2 Qxc2+ 30. Ke3 Qb2 31. Rf2 Bd4+ 32. Kf4 Bxf2 0-1

[Event "Live Chess"]
[Site "Chess.com"]
[Date "2023.05.20"]
[Round "-"]
[White "jusjoel"]
[Black "alanmike75"]
[Result "0-1"]
[WhiteElo "296"]
[BlackElo "1480"]
[TimeControl "300"]
[EndTime "10:50:15 PDT"]
[Termination "alanmike75 won by resignation"]

1. d4 d5 2. Nc3 e6 3. e3 Nf6 4. Qf3 Be7 5. Bd3 O-O 6. e4 dxe4 7. Nxe4 Qxd4 8. Nxf6+ Qxf6 9. Qxf6 Bxf6 10. Bf4 e5 11. Bg3 Be6 12. O-O-O c5 13. Nh3 Nc6 14. Rhe1 Bxh3 15.
gxh3 Rfe8 16. f4 exf4 17. Bxf4 Nd4 18. Re2 Nxe2+ 19. Bxe2 Rxe2 20. Rd7 b6 21. Bd6 h6 22.
Re7 Bg5+ 23. Kd1 Rxe7 24. Bxe7 Bxe7 0-1

[Event "Live Chess"]
[Site "Chess.com"]
[Date "2023.05.20"]
[Round "-"]
[White "LodeshChess"]
[Black "mach247"]
[Result "1/2-1/2"]
[WhiteElo "946"]
[BlackElo "1303"]
[TimeControl "300"]
[EndTime "10:50:17 PDT"]
[Termination "Game drawn by agreement"]

1. e4 d5 2. exd5 Qxd5 3. Nc3 Qd8 4. d4 Nf6 5. Nf3 Bg4 6. Be2 e6 7. Be3 c6 8. O-O Bd6 9. h3 Bxf3 10. Bxf3 O-O 11. Ne4 Nxe4 12. Bxe4 Nd7 13. Qh5 Nf6 14. Qh4 Nxe4 15. Qxe4 Qf6 16. Qg4 h6 17. c3 a5 18.
a4 Qg6 19. Qxg6 fxg6 20. Rae1 e5 21. dxe5 Bxe5 22. Bc5 Rf5 23. Re4 Bxc3 24. bxc3 Rxc5 25. c4 b5 26. cxb5 cxb5 27. Rfe1 b4 28. Re5 Rxe5 29. Rxe5 Rb8 30. Re1 b3 31. Rb1 b2 32.
Kf1 Rb4 33. Ke1 Kf7 34. Kd2 Kf6 35. Kc2 Rxa4 36. Rxb2 Rc4+ 37. Kd3 Rf4 38. f3 Rf5 39. Ra2 Kg5 40. Ra4 Rf4 41. Rxa5+ Kh4 42. Ra7 Kg3 43. Rxg7 Kxg2 44. Rxg6+ Kxh3 45. Rxh6+ Kg3 1/2-1/2

[Event "Live Chess"]
[Site "Chess.com"]
[Date "2023.05.20"]
[Round "-"]
[White "Albul"]
[Black "EdenHazard8"]
[Result "1-0"]
[WhiteElo "2173"]
[BlackElo "2112"]
[TimeControl "300"]
[EndTime "10:50:17 PDT"]
[Termination "Albul won by resignation"]

1. e4 c6 2. d4 d5 3. e5 c5 4. c3 Nc6 5. Be3 cxd4 6. cxd4 Bf5 7. Bd3 Bxd3 8. Qxd3 e6 9. Nc3 Qb6 10. Qd2 Nge7 11. Nge2 Nf5 12. O-O Nxe3 13. fxe3 Be7 14. Rf2 O-O 15. Raf1 Na5 16. b3 Rac8 17. Qd3 Nc6 18.
e4 Nb4 19. Qe3 Nc2 20. Qd2 Nb4 21. a3 Na6 22. exd5 Bxa3 23. d6 Qxb3 24. Ne4 Bb4 25. Qg5 h6 26. Nf6+ Kh8 27. Qh5 Qe3 28. Nd7 g6 29. Qh4 Rfd8 30. Qf6+ Kh7 31. Qxf7+ Kh8 32. Nf6 1-0

[Event "Live Chess"]
[Site "Chess.com"]
[Date "2023.05.20"]
[Round "-"]
[White "hturner40"]
[Black "WelshTiger"]
[Result "0-1"]
[WhiteElo "1820"]
[BlackElo "2429"]
[TimeControl "300"]
[EndTime "10:50:22 PDT"]
[Termination "WelshTiger won on time"]

1. Nf3 d5 2. g3 g6 3. Bg2 Bg7 4. O-O Nf6 5. d4 O-O 6. c4 dxc4 7. Na3 c3 8. bxc3 Nbd7 9. Nc4 c6 10. Bf4 Nb6 11. Nce5 Be6 12. Ng5 Bd5 13. e4 h6 14.
exd5 hxg5 15. Bxg5 cxd5 16. Re1 Rc8 17. Qd3 Qc7 18. Rac1 Nc4 19. Bf4 Qa5 20. Nxc4 Rxc4 21. Rxe7 Rfc8 22. Bd2 b6 23. Rce1 Qxa2 24. Bg5 Rxc3 25.
Qd1 Rc2 26. R7e2 Rxe2 27. Rxe2 Qc4 28. Rd2 b5 0-1

[Event "Live Chess"]
[Site "Chess.com"]
[Date "2023.05.20"]
[Round "-"]
[White "raminguy"]
[Black "TDCMF"]
[Result "1-0"]
[WhiteElo "1973"]
[BlackElo "350"]
[TimeControl "300"]
[EndTime "10:50:23 PDT"]
[Termination "raminguy won by checkmate"]

1. d4 d5 2. Nc3 Nf6 3. Bf4 Bf5 4. e3 a5 5. Nf3 b5 6. Bxb5+ c6 7. Be2 e6 8. Ne5 g5 9. Bxg5 Qd6 10. Bf4 Nh5 11.
Bxh5 Qb4 12. Bxf7+ Ke7 13. Bg5+ Kd6 14. Rb1 c5 15. O-O Nd7 16. Bf4 cxd4 17. Nd3+ e5 18.
Nxb4 exf4 19. Ncxd5 fxe3 20. fxe3 Rc8 21. Rxf5 Ne5 22. Qxd4 Nxf7 23. Rxf7 Rc5 24. Nf6+ Ke6 25. Qd7+ Ke5 26. Nd3# 1-0

[Event "Live Chess"]
[Site "Chess.com"]
[Date "2023.05.20"]
[Round "-"]
[White "mightysmasher"]
[Black "CheckString"]
[Result "1-0"]
[WhiteElo "2094"]
[BlackElo "1259"]
[TimeControl "300"]
[EndTime "10:50:36 PDT"]
[Termination "mightysmasher won by resignation"]

1. e4 c6 2. d4 d5 3. Nd2 dxe4 4. Nxe4 Bf5 5. Ng3 e6 6. Nxf5 exf5 7. c3 g6 8. Bd3 Bg7 9. Nf3 Ne7 10. O-O O-O 11. Bf4 Nd7 12. Qd2 Nd5 13. Bh6 Bxh6 14. Qxh6 N7f6 15.
Ng5 Re8 16. h4 Nf4 17. Bc2 Ne2+ 18. Kh1 Qd5 19. Bb3 Qe4 20. Bxf7+ Kh8 21. Nxe4 Rxe4 22.
Bxg6 Rg8 23. Bxf5 1-0

[Event "Live Chess"]
[Site "Chess.com"]
[Date "2023.05.20"]
[Round "-"]
[White "toog"]
[Black "laki79"]
[Result "1-0"]
[WhiteElo "2641"]
[BlackElo "2303"]
[TimeControl "300"]
[EndTime "10:50:48 PDT"]
[Termination "toog won on time"]

1. e4 c5 2. Nf3 d6 3. c3 Nf6 4.
Be2 Nc6 5. d4 cxd4 6. cxd4 Nxe4 7. d5 Qa5+ 8. Nc3 Nxc3 9. bxc3 Nd8 10. O-O e5 11. Rb1 Bd7 12. Nd2 Be7 13. Nc4 Qc7 14. a4 O-O 15. Ba3 b6 16. Nxe5 Bxa4 17. Qxa4 dxe5 18.
Rfd1 Nb7 19. Qc6 Qxc6 20. dxc6 Nc5 21. Bxc5 Bxc5 22. Ba6 Rfc8 23. Bxc8 Rxc8 24. c7 Rxc7 25. Rd8+ Bf8 26. Rbd1 g6 27. Re8 Kg7 28. Rxe5 Rxc3 29.
h4 h5 30. Rd7 a5 31. Re4 Bc5 32. Rf4 Rc1+ 33. Kh2 a4 34. Rfxf7+ Kg8 35. Rg7+ Kf8 36. Rxg6 a3 37. Rh6 Kg8 38. Ra7 Bxf2 39. Rg6+ Kh8 40. Rxa3 Rc4 41. g3 1-0

[Event "Live Chess"]
[Site "Chess.com"]
[Date "2023.05.20"]
[Round "-"]
[White "Jio85"]
[Black "Singapourfeuj"]
[Result "1-0"]
[WhiteElo "2020"]
[BlackElo "2238"]
[TimeControl "300"]
[EndTime "10:50:51 PDT"]
[Termination "Jio85 won - game abandoned"]

1. e4 e6 2. d4 d5 3. e5 c5 4. Nf3 Nc6 5. c3 Bd7 6. Bd3 Qb6 7. O-O Nh6 8. Bxh6 gxh6 9. dxc5 Bxc5 10. Qb3 O-O 11. Qxb6 Bxb6 12. Nbd2 Bc7 13. Rae1 Kg7 14. Re2 a5 15. Rfe1 a4 16. a3 Na5 17. Nd4 Rab8 18. Nb5 Rfc8 19. f4 Bb6+ 20. Kh1 Rf8 21. Nf3 Nc4 22. Bxc4 dxc4 23. Nd6 Bc6 24. Nxc4 1-0

[Event "Live Chess"]
[Site "Chess.com"]
[Date "2023.05.20"]
[Round "-"]
[White "FlyingChessKestrel13"]
[Black "Missedidea"]
[Result "1-0"]
[WhiteElo "2134"]
[BlackElo "1685"]
[TimeControl "300"]
[EndTime "10:50:52 PDT"]
[Termination "FlyingChessKestrel13 won by checkmate"]

1. e4 c5 2. g3 g6 3. Bg2 Bg7 4. c3 Nc6 5. Ne2 e6 6. O-O Nge7 7. d4 d6 8. d5 Ne5 9. Nd2 exd5 10. exd5 O-O 11. f4 Ng4 12. Nc4 f5 13. h3 Nf6 14.
Ne3 b5 15. a4 bxa4 16. Rxa4 Bd7 17. Ra6 Bb5 18. Ra1 a5 19. c4 Bd7 20. Bd2 a4 21.
Nc3 Nh5 22. Kh2 Qe8 23. Ra3 Nc8 24. Qc2 Nb6 25. Rfa1 Bd4 26. Nf1 Nxc4 27. R3a2 Nxd2 28. Qxd2 Nf6 29. Qc2 Ne4 30. Bxe4 fxe4 31. Nxe4 Bf5 32.
Nfd2 a3 33. Rxa3 Rxa3 34. Rxa3 Kg7 35. Rf3 Qb8 36. b3 Re8 37. g4 Bd7 38. f5 Re5 39.
f6+ Kf8 40. f7 Qb4 41. Kg3 h5 42. Nf6 h4+ 43. Kxh4 Re4 44. Nxd7+ Kg7 45. f8=Q+ Kh7 46. Rf7+ Bg7 47. Qxg7# 1-0

[Event "Live Chess"]
[Site "Chess.com"]
[Date "2023.05.20"]
[Round "-"]
[White "peter-785"]
[Black "misha464"]
[Result "1-0"]
[WhiteElo "1158"]
[BlackElo "743"]
[TimeControl "300"]
[EndTime "10:51:06 PDT"]
[Termination "peter-785 won by resignation"]

1. e4 e5 2. Nf3 Nc6 3. Bc4 d6 4.
d4 exd4 5. Nxd4 Nxd4 6. Qxd4 Nf6 7. e5 dxe5 8. Qxd8+ Kxd8 9. Bxf7 g6 10. O-O Bg7 11.
Be3 Bf5 12. c3 Ke7 13. Bb3 b6 14. Nd2 Ne4 15. Nxe4 Bxe4 16. Rad1 Rad8 17. f3 Rxd1 18. Rxd1 Bf5 19. g4 Be6 20. Bxe6 Kxe6 21. Kg2 Re8 22. h3 Re7 23. f4 exf4 24. Bxf4 Rd7 25. Re1+ Kf7 26.
Re2 c5 27. Kf3 h5 28. gxh5 gxh5 29. Rg2 Bf6 30. Re2 a6 31. Kg3 b5 32. Kf3 a5 33.
Rd2 Rxd2 34. Bxd2 Be5 35. Bf4 Bxf4 36. Kxf4 b4 37. Kg5 c4 38. Kxh5 Kg7 39. Kg5 Kh7 40.
h4 Kg7 41. h5 Kh7 42. h6 Kh8 43.
Kf6 Kh7 44. Ke5 Kxh6 45. Kd4 bxc3 46. bxc3 Kg6 47. Kxc4 Kf6 48. Kd5 Ke7 49. Kc5 Ke6 50. c4 Ke5 51. a3 Ke6 52. a4 Kd7 53. Kb5 Kd6 54. Kxa5 Kc5 55. Ka6 Kxc4 56. a5 Kc5 57. Kb7 Kb5 58. a6 1-0

[Event "Live Chess"]
[Site "Chess.com"]
[Date "2023.05.20"]
[Round "-"]
[White "flyingpuffins"]
[Black "alexlines8"]
[Result "1-0"]
[WhiteElo "1982"]
[BlackElo "1248"]
[TimeControl "300"]
[EndTime "10:51:10 PDT"]
[Termination "flyingpuffins won by checkmate"]

1. e4 c6 2. d4 d5 3. Nc3 Nf6 4. e5 Ne4 5. Nxe4 dxe4 6. f3 exf3 7.
Nxf3 Bg4 8. Bc4 e6 9. O-O Bxf3 10. Rxf3 Bc5 11. Be3 Bb6 12. c3 O-O 13. Bd3 Nd7 14. Bxh7+ Kxh7 15. Rh3+ Kg8 16. Qh5 f6 17. Qh7+ Kf7 18. Rf1 Ke8 19. Qxg7 f5 20. Bg5 Nf6 21. Bxf6 Rxf6 22. Rh8+ Rf8 23. Rxf8# 1-0

[Event "Live Chess"]
[Site "Chess.com"]
[Date "2023.05.20"]
[Round "-"]
[White "Conradical12"]
[Black "bedsdrout"]
[Result "1-0"]
[WhiteElo "1519"]
[BlackElo "417"]
[TimeControl "300"]
[EndTime "10:51:22 PDT"]
[Termination "Conradical12 won by checkmate"]

1. e4 e5 2. d4 exd4 3. Nf3 Bc5 4.
Bc4 d3 5. cxd3 Nf6 6. e5 Ne4 7.
dxe4 Nc6 8. Qd5 O-O 9. Qxc5 d6 10. exd6 cxd6 11. Qd5 Be6 12. Qd3 Qa5+ 13. Bd2 Qa4 14. Nc3 Qa5 15. Nd5 Qa6 16. Bxa6 bxa6 17. O-O Rab8 18.
Bc3 Bg4 19. Rae1 a5 20. Re3 a4 21. Nd4 Be6 22. Nxc6 Rbc8 23. e5 dxe5 24. Nce7+ Kh8 25. Nxc8 Rxc8 26. Ne7 Ra8 27. b4 axb3 28. axb3 Rb8 29.
Rb1 Bxb3 30. Qxh7+ Kxh7 31. Rh3# 1-0

[Event "Live Chess"]
[Site "Chess.com"]
[Date "2023.05.20"]
[Round "-"]
[White "MaximKris"]
[Black "Chris_pea"]
[Result "1-0"]
[WhiteElo "1859"]
[BlackElo "615"]
[TimeControl "300"]
[EndTime "10:51:25 PDT"]
[Termination "MaximKris won on time"]

1. e4 e5 2. Nf3 Nc6 3. Bb5 Bc5 4. O-O Nf6 5. Nc3 O-O 6. d3 a6 7. Bxc6 dxc6 8. Be3 Be7 9. Nxe5 Qd6 10. Nc4 Qd8 11.
e5 Nd5 12. Nxd5 cxd5 13. Nd2 f6 14. exf6 Bxf6 15. d4 Re8 16. Re1 Bf5 17. c3 Qd7 18.
Qf3 Rad8 19. Bf4 Bg4 20. Rxe8+ Rxe8 21. Qg3 b6 22. Be5 Bxe5 23. dxe5 Qe6 24. h3 Bh5 25. f4 b5 26. Rf1 Qb6+ 27. Qf2 Qxf2+ 28. Rxf2 Rf8 29.
g4 Be8 30. f5 Bc6 31. e6 Re8 32. e7 Rxe7 33. Nf3 1-0

[Event "Live Chess"]
[Site "Chess.com"]
[Date "2023.05.20"]
[Round "-"]
[White "MaximKhimchenko"]
[Black "luckywookie"]
[Result "1-0"]
[WhiteElo "1348"]
[BlackElo "729"]
[TimeControl "300"]
[EndTime "10:51:27 PDT"]
[Termination "MaximKhimchenko won by resignation"]

1. e4 c6 2. Nf3 d5 3. exd5 cxd5 4.
d4 Nc6 5. c4 e6 6. cxd5 exd5 7.
Nc3 Be6 8. Bb5 Nf6 9. O-O Ne4 10. Nxe4 dxe4 11. Ne5 Bd6 12. Nxc6 bxc6 13. Bxc6+ Bd7 14. Bxa8 Qxa8 15. f3 exf3 16. Qxf3 Be6 17. Qxa8+ Ke7 18. Qxh8 1-0

[Event "Live Chess"]
[Site "Chess.com"]
[Date "2023.05.20"]
[Round "-"]
[White "ramses-IIG"]
[Black "martynstanley"]
[Result "0-1"]
[WhiteElo "769"]
[BlackElo "1000"]
[TimeControl "300"]
[EndTime "10:51:36 PDT"]
[Termination "martynstanley won by resignation"]

1. e4 e6 2. Nf3 d5 3. e5 c6 4. d4 c5 5. c3 Nc6 6. Bg5 Qb6 7.
b3 h6 8. Be3 g5 9. dxc5 Bxc5 10. Bxc5 Qxc5 11. b4 Qb6 12. Be2 d4 13. Nxd4 Nxd4 14.
Qxd4 Qxd4 15. cxd4 Ne7 16. O-O Nc6 17. b5 Nxd4 18. Bd3 Bd7 19. Nc3 a6 20. b6 O-O-O 21. Rac1 Kb8 22. Be4 Bc6 23. Bxc6 bxc6 24. Na4 Kb7 25.
Rc4 Nb5 26. Rfc1 Rc8 27. f3 Rhd8 28. Kf2 Rd2+ 29. Ke3 Rxa2 30. f4 Ra3+ 31. Ke4 gxf4 32. Kxf4 Ra2 33. g4 Rf2+ 34. Kg3 Re2 35. Rc5 Re3+ 36.
Kh4 Ra3 37. R1c4 Ra1 38. g5 hxg5+ 39. Kxg5 Rg1+ 40. Kf6 Rh1 41. Kxf7 Rxh2 42. Kxe6 Rh6+ 43. Kf5 Rf8+ 44. Ke4 Rh4+ 45. Kd3 Rf3+ 46. Ke2 Rxc4 47. Kxf3 Rxc5 48. Nxc5+ Kxb6 49. Ne4 Nc7 50. Kf4 Ne6+ 51. Kf5 Nd4+ 52. Kf6 a5 53. Nd2 a4 54. Kf7 c5 55.
Nc4+ Kb5 56. Nd6+ Kb4 57. Nf5 Nxf5 58. e6 Nd6+ 59. Kf6 Kb5 60. e7 Kc6 61. Ke6 a3 62. e8=Q+ Nxe8 0-1

[Event "Live Chess"]
[Site "Chess.com"]
[Date "2023.05.20"]
[Round "-"]
[White "f4nomore"]
[Black "worldchessleaguelive"]
[Result "1-0"]
[WhiteElo "1384"]
[BlackElo "1389"]
[TimeControl "300"]
[EndTime "10:51:42 PDT"]
[Termination "f4nomore won by resignation"]

1. d4 d5 2. Bg5 h6 3. Bh4 g5 4.
Bg3 Nc6 5. c3 Bf5 6. Nd2 Nf6 7.
e3 Ne4 8. Nxe4 Bxe4 9. Nf3 f6 10. Nd2 Bg6 11. Be2 h5 12. Nb3 e5 13. h3 exd4 14.
cxd4 Bb4+ 15. Nd2 Qe7 16. O-O Bxd2 17. Qxd2 h4 18. Bh2 O-O-O 19. Rac1 Bh5 20. Qd1 Bxe2 21. Qxe2 Nxd4 22. Qg4+ Ne6 23. Rxc7+ Qxc7 24. Bxc7 Kxc7 25. Qxe6 Rhf8 26. Rc1+ Kb8 27. Qe7 1-0

[Event "Live Chess"]
[Site "Chess.com"]
[Date "2023.05.20"]
[Round "-"]
[White "Geomorph"]
[Black "smoggyrabbit"]
[Result "0-1"]
[WhiteElo "1215"]
[BlackElo "1618"]
[TimeControl "300"]
[EndTime "10:51:42 PDT"]
[Termination "smoggyrabbit won - game abandoned"]

1. e4 e6 2. Nf3 d5 3. Nc3 Nf6 4.
e5 Nfd7 5. d4 c5 6. dxc5 Nc6 7.
Bf4 Bxc5 8. Bd3 Qb6 9. O-O Qxb2 10. Na4 Qb4 0-1

[Event "Live Chess"]
[Site "Chess.com"]
[Date "2023.05.20"]
[Round "-"]
[White "JamesWallman"]
[Black "yarek"]
[Result "0-1"]
[WhiteElo "774"]
[BlackElo "1895"]
[TimeControl "300"]
[EndTime "10:51:45 PDT"]
[Termination "yarek won on time"]

1. e4 g6 2. d4 Bg7 3. Nf3 c6 4. Nc3 d5 5. e5 Bg4 6. Be2 Bxf3 7.
Bxf3 e6 8. O-O Nd7 9. Bf4 c5 10.
Nb5 cxd4 11. Nd6+ Kf8 12. Qxd4 b6 13. Qb4 Ne7 14. Nb7 Qc7 15. Nd6 Nxe5 16. Bxe5 Bxe5 17. Nb5 Qd7 18. Rfe1 Bf6 19. Re2 Kg7 20. Rae1 Nc6 21. Qf4 Rac8 22. Nc3 Rhd8 23. h4 h5 24. Nd1 Nd4 25. Qg3 Nxe2+ 26. Rxe2 Kh7 27. Ne3 d4 28. Nf1 Qe7 29. Qf4 Bxh4 30. g3 Bg5 31. Qe5 Bf6 32.
Qe4 Qd6 33. Bxh5 Qd5 0-1

[Event "Live Chess"]
[Site "Chess.com"]
[Date "2023.05.20"]
[Round "-"]
[White "chessleanstrategist"]
[Black "HD_IN4k"]
[Result "0-1"]
[WhiteElo "390"]
[BlackElo "334"]
[TimeControl "300"]
[EndTime "10:51:47 PDT"]
[Termination "HD_IN4k won on time"]

1. c4 c5 2. Nc3 Nf6 3. Nf3 Nc6 4.
d4 cxd4 5. Nxd4 Nxd4 6. Qxd4 g6 7.
g3 Bg7 8. Bg2 d6 9. b3 O-O 10.
Bb2 Bd7 11. O-O Bc6 12. Bxc6 bxc6 13. a4 Rb8 14. Qd1 Qd7 15. a5 h5 16. b4 Rxb4 17.
Rb1 Qh3 18. f3 h4 19. g4 Nxg4 20. Rf2 Nxf2 21. Kxf2 Qxh2+ 22. Ke3 Rfb8 23. Qh1 Qe5+ 24. Ne4 Rb3+ 25. Bc3 Rxc3+ 26. Kf2 Rxb1 27. Qxb1 Qd4+ 0-1

[Event "Live Chess"]
[Site "Chess.com"]
[Date "2023.05.20"]
[Round "-"]
[White "HoarseyHorsey"]
[Black "lightningorderyt"]
[Result "1-0"]
[WhiteElo "1382"]
[BlackElo "549"]
[TimeControl "300"]
[EndTime "10:51:50 PDT"]
[Termination "HoarseyHorsey won by resignation"]

1. d4 d5 2. c4 c6 3. cxd5 cxd5 4. Bf4 Nf6 5. e3 Bf5 6. Nf3 e6 7. Qb3 b6 8. Bb5+ Nbd7 9. Ne5 Bd6 10. Nxd7 Nxd7 11.
Bxd6 Qg5 12. O-O Be4 13. Bg3 a6 14. Bxd7+ Kxd7 15. Qxb6 Rhb8 16. Qc7+ Ke8 17. Nc3 Rxb2 18. Qc6+ Ke7 19. Qxa8 h5 20. Nxe4 dxe4 21. Qa7+ Kf6 22. Be5+ Kg6 23. Qxa6 h4 24. h3 Qf5 25. a4 f6 26. Bc7 1-0

[Event "Live Chess"]
[Site "Chess.com"]
[Date "2023.05.20"]
[Round "-"]
[White "DerbyKnight"]
[Black "boilerboy1"]
[Result "1-0"]
[WhiteElo "1599"]
[BlackElo "1084"]
[TimeControl "300"]
[EndTime "10:51:52 PDT"]
[Termination "DerbyKnight won by checkmate"]

1. d4 Nf6 2. Nf3 g6 3. Nc3 Bg7 4. e4 O-O 5. e5 Ne8 6. Bf4 c5 7.
d5 d6 8. Qd2 Bf5 9. h3 Nd7 10.
g4 Nxe5 11. Nxe5 dxe5 12. Bh6 Bxc2 13. Bxg7 Kxg7 14. Qxc2 Nf6 15. Bg2 b6 16. O-O Rc8 17. f4 exf4 18. Rxf4 Qc7 19. Raf1 a6 20. Kh1 Qd6 21. Qf2 b5 22. Ne4 Nxe4 23. Bxe4 c4 24.
Rxf7+ Rxf7 25. Qxf7+ Kh6 26. g5+ Kxg5 27. Qxh7 Qg3 28.
Rg1 Qxg1+ 29. Kxg1 Rf8 30. Qxg6+ Kh4 31. Qg4# 1-0

[Event "Live Chess"]
[Site "Chess.com"]
[Date "2023.05.20"]
[Round "-"]
[White "garyjc"]
[Black "gmnorfolk"]
[Result "0-1"]
[WhiteElo "1035"]
[BlackElo "2135"]
[TimeControl "300"]
[EndTime "10:51:54 PDT"]
[Termination "gmnorfolk won by resignation"]

1. e4 e5 2. Nf3 Nc6 3. d4 exd4 4.
Nxd4 Nf6 5. Nxc6 bxc6 6. Nc3 Bc5 7. e5 Qe7 8. Qe2 Nd5 9. Nxd5 cxd5 10. Bf4 a5 11.
O-O-O Rb8 12. Kb1 Ba3 13. b3 c6 14. e6 d6 15. exf7+ Kxf7 16. Qxe7+ Kxe7 17. Re1+ Kf7 18. Bxd6 Bxd6 19. Bd3 h6 20. Rhf1 Bd7 21. f4 Rhe8 22. g4 Rxe1+ 23. Rxe1 Bxf4 24. h3 g5 25. Rf1 Kf6 0-1

[Event "Live Chess"]
[Site "Chess.com"]
[Date "2023.05.20"]
[Round "-"]
[White "koljadar"]
[Black "minenko-1958"]
[Result "1-0"]
[WhiteElo "1530"]
[BlackElo "1421"]
[TimeControl "300"]
[EndTime "10:51:59 PDT"]
[Termination "koljadar won by resignation"]

1. d4 d5 2. c4 dxc4 3. e3 c6 4.
Bxc4 Bf5 5. Nc3 e6 6. Nf3 h6 7.
Qb3 Qc7 8. e4 Bg4 9. Be2 Be7 10.
d5 exd5 11. exd5 c5 12. Be3 b6 13. Nb5 Qd8 14. Bf4 Na6 15. Qa4 Kf8 16. Qxa6 Qxd5 17.
Nc7 Qd8 18. Nxa8 Qxa8 19. h3 Be6 20. O-O Nf6 21. Bc4 Bxc4 22. Qxc4 g5 23. Ne5 Rh7 24.
Be3 Nd5 25. Rfe1 Bd6 26. Nf3 Rg7 27. Rad1 Nxe3 28. Rxe3 Bf4 29. Red3 Bc7 30. Rd7 f6 31. Rxg7 Kxg7 32. Rd7+ Kg6 33. Qd3+ f5 34. Rxc7 Qe4 35. Qxe4 fxe4 36. Nd2 e3 37. fxe3 a5 38. Rb7 h5 39.
Rxb6+ Kf5 40. Rb5 a4 41. Rxc5+ Kf6 42. Rc4 a3 43. bxa3 g4 44. hxg4 hxg4 45. Rxg4 Kf5 46. Rf4+ Ke5 47. a4 Kd5 48. a5 Kc6 49. g4 Kb5 50. g5 Kxa5 51. g6 Kb5 52. g7 Kc5 53.
g8=Q Kd6 54. Qg5 Ke6 55. Rf6+ Ke7 56. Qg7+ 1-0

[Event "Live Chess"]
[Site "Chess.com"]
[Date "2023.05.20"]
[Round "-"]
[White "mattihelenius2"]
[Black "whitedjohn"]
[Result "0-1"]
[WhiteElo "451"]
[BlackElo "1669"]
[TimeControl "300"]
[EndTime "10:52:09 PDT"]
[Termination "whitedjohn won by checkmate"]

1. d4 Nf6 2. c4 c5 3. Nf3 cxd4 4. Nxd4 Nc6 5. Bg5 d6 6. Nxc6 bxc6 7. b3 e6 8. e3 Be7 9. Nc3 O-O 10. Ne4 Nxe4 11. Bf4 e5 12. Bg3 Qa5+ 13. Ke2 Nc3+ 14. Kd2 Nxd1+ 15. Kxd1 Bf5 16. Rc1 Qxa2 17. Rc2 Qxc2+ 18. Ke1 Qxb3 19. f4 Bd3 20. Kf2 Bxf1 21. Kxf1 exf4 22.
exf4 Qxc4+ 23. Kf2 Qc2+ 24. Kf3 Qd3+ 25. Kg4 f5+ 26. Kh3 Rf6 27. Kh4 Rh6# 0-1

[Event "Live Chess"]
[Site "Chess.com"]
[Date "2023.05.20"]
[Round "-"]
[White "SavagePawn7"]
[Black "Enhard"]
[Result "0-1"]
[WhiteElo "750"]
[BlackElo "1440"]
[TimeControl "300"]
[EndTime "10:52:12 PDT"]
[Termination "Enhard won by resignation"]

1. e4 c6 2. d4 d5 3. Nc3 dxe4 4.
Bc4 Bf5 5. f3 exf3 6. Nxf3 e6 7.
O-O Nf6 8. Ne5 Nbd7 9. Rxf5 exf5 10. Nxd7 Qxd7 11. Qe1+ Be7 12. Bg5 O-O 13. Rd1 Rae8 14. d5 Nxd5 15. Nxd5 cxd5 16. Bxd5 Kh8 17. Bxe7 Qxe7 18.
Qf2 Qe3 19. Qxe3 Rxe3 20. Rf1 b6 21. Rxf5 f6 22. Kf2 Re5 23. Rxe5 fxe5+ 24. Ke3 Rf4 25. g3 Rd4 26. c3 Rxd5 0-1

[Event "Live Chess"]
[Site "Chess.com"]
[Date "2023.05.20"]
[Round "-"]
[White "lucaskk818"]
[Black "Jeffaroow"]
[Result "1-0"]
[WhiteElo "1879"]
[BlackElo "465"]
[TimeControl "300"]
[EndTime "10:52:12 PDT"]
[Termination "lucaskk818 won by resignation"]

1. d4 d5 2. c4 e5 3. dxe5 dxc4 4. Qxd8+ Kxd8 5. e3 Be6 6. Nc3 f6 7. exf6 Nxf6 8. Nf3 Nc6 9. Nd4 Nxd4 10. exd4 c6 11. Be3 Bb4 12. O-O-O Bxc3 13. bxc3 Ne4 14. Kc2 g5 15. f3 Nf6 16. Bxg5 Rf8 17. Re1 Kd7 18. g3 Ng8 19. f4 h6 20. f5 Rxf5 21. Bh3 Rxg5 22.
Bxe6+ Ke7 23. Bxg8+ Kf6 24. Bxc4 Rf5 25. Rhf1 Rxf1 26.
Rxf1+ Kg5 27. Rf7 Re8 28. Rxb7 Re2+ 29. Kb3 Rxh2 30. Rxa7 Rh3 31. a4 Kg4 32. Be6+ 1-0